 Seeded DCSS version 0.30.1-11-g7821555f0a (webtiles) character file.

Game seed: 6351066067085065685 (custom seed)

15167 Esekla the Eclecticist (level 11, -15/60 HPs)
             Began as a Deep Elf Wanderer on Dec 13, 2023.
             Was a High Priest of Vehumet.
             Demolished by a centaur warrior simulacrum (28 damage)
             ... on level 11 of the Dungeon on Dec 14, 2023.
             The game lasted 01:51:50 (11064 turns).

Esekla the Eclecticist (Deep Elf Wanderer)         Turns: 11064, Time: 01:51:50

Health: -15/60     AC:  8    Str: 11    XL:     11   Next: 98%
Magic:  42/42      EV: 14    Int: 23    God:    Vehumet [*****.]
Gold:   194        SH:  4    Dex: 14    Spells: 9/42 levels left

rFire   . . .        s - +5 rapier of the Hero {heavy, rN+ Dex+3}
rCold   . . .        d - +0 buckler
rNeg    + . .        I - +0 troll leather armour
rPois   .            M - +1 helmet
rElec   .            H - +0 cloak
rCorr   .            k - +0 pair of gloves
SInv    .            (no boots)
Will    +....        w - amulet of magic regeneration
Stlth   +++          l - ring of magical power
HPRegen 1.10/turn    J - ring of the Mage {Wiz Archmagi}
MPRegen 0.68/turn

%: wizardry (x1), archmagi
@: lethally poisoned (-15 -> -16), marked, studying Fighting
A: no striking features
a: Renounce Religion


You were on level 11 of the Dungeon.
You worshipped Vehumet.
Vehumet was extremely pleased with you.
You visited 2 branches of the dungeon, and saw 13 of its levels.
You also visited: Bailey.

You collected 908 gold pieces.
You spent 714 gold pieces at shops.

Inventory:

Hand Weapons
 a - a +1 short sword of freezing
 c - a +5 scimitar
 r - a +4 trident of venom
 s - the +5 rapier of the Hero (weapon) {heavy, rN+ Dex+3}
   (You found it on level 3 of the Dungeon)

   Dex:       It affects your dexterity (+3).
   rN:        It protects you from negative energy.
 v - a +2 rapier of venom
 N - a +4 great sword
Missiles
 x - 7 boomerangs
 B - 44 poisoned darts
 K - 5 curare-tipped darts (quivered)
Armour
 d - a +0 buckler (worn)
 k - a +0 pair of gloves (worn)
 H - a +0 cloak (worn)
 I - a +0 troll leather armour (worn)
 M - a +1 helmet (worn)
Magical Staves
 O - a staff of fire
Jewellery
 l - a ring of magical power (left hand)
 w - an amulet of magic regeneration (around neck)
 J - the ring of the Mage (right hand) {Wiz Archmagi}
   (You bought it in a shop on level 2 of the Dungeon)

   [ring of wizardry]

   It improves your spell success rate.
   Archmagi:  It increases the power of your magical spells.
 Q - an amulet of reflection
Wands
 i - a wand of roots (16)
 D - a wand of flame (11)
 G - a wand of mindburst (9)
 R - a wand of digging (9)
Scrolls
 g - 4 scrolls of identify
 n - a scroll of enchant armour
 o - 2 scrolls of amnesia {unknown}
 q - 5 scrolls of blinking {unknown}
 t - 2 scrolls of silence
 u - a scroll of magic mapping
 y - 4 scrolls of enchant weapon {unknown}
 z - 2 scrolls of fog
 C - 2 scrolls of acquirement
 E - 3 scrolls of teleportation
 F - a scroll of poison
Potions
 b - 3 potions of lignification
 e - 2 potions of ambrosia
 f - 4 potions of attraction
 h - a potion of heal wounds
 j - 9 potions of curing
 m - a potion of mutation
 p - a potion of cancellation {unknown}
 A - 5 potions of haste {unknown}
 L - a potion of brilliance
 S - 2 potions of flight {unknown}


   Skills:
 * Level 3.8 Fighting
 + Level 3.4 Short Blades
 + Level 1.1 Throwing
 * Level 2.1 Armour
 * Level 7.8 Dodging
 + Level 4.9 Stealth
 + Level 2.2 Shields
 * Level 16.4 Spellcasting
 * Level 5.4 Conjurations
 + Level 10.3 Necromancy
 + Level 4.1 Translocations
 * Level 4.3 Fire Magic
 * Level 0.4 Ice Magic
 * Level 0.2 Air Magic
 * Level 0.5 Poison Magic
 + Level 1.0 Invocations
 + Level 0.7 Evocations


You had 9 spell levels left.
You knew the following spells:

 Your Spells              Type           Power      Damage    Failure   Level
a - Magic Dart            Conj           100%       1d8       1%          1
b - Blink                 Tloc           100%       N/A       1%          2
c - Mephitic Cloud        Conj/Pois/Air  42%        N/A       1%          3
d - Vampiric Draining     Necr           79%        2d11      1%          3
e - Searing Ray           Conj           100%       2d8       1%          2
f - Fireball              Conj/Fire      29%        3d13      2%          5
n - Ignite Poison         Fire/Tmut/Pois 39%        N/A       1%          3
p - Apportation           Tloc           100%       N/A       1%          1
v - Poisonous Vapours     Pois/Air       62%        N/A       1%          2
w - Wereblood             Tmut           28%        N/A       3%          2
y - Sticky Flame          Conj/Fire      58%        2d7       1%          4
z - Freezing Cloud        Conj/Ice/Air   21%        6-21      8%          5

Your spell library contained the following spells:

 Spells                   Type           Power      Damage    Failure   Level
 Spellforged Servitor     Conj/Summ      23%        N/A       77%         7
 Foxfire                  Conj/Fire      100%       2x1d9     1%          1
 Lesser Beckoning         Tloc           100%       N/A       1%          2
 Sublimation of Blood     Necr           79%        N/A       1%          2
 Gell's Gravitas          Tloc           54%        N/A       1%          3
 Teleport Other           Tloc           54%        N/A       1%          3
 Spider Form              Tmut/Pois      30%        N/A       6%          3
 Starburst                Conj/Fire      29%        6d9       13%         6
 Cause Fear               Hex            14%        N/A       22%         4
 Plasma Beam              Fire/Air       22%        2x1d37    32%         6
 Summon Mana Viper        Hex/Summ       28%        N/A       50%         5
 Summon Hydra             Summ           14%        N/A       100%        7


Dungeon Overview and Level Annotations

Branches:
Dungeon (12/15)            Temple (0/1) D:6            Lair (0/5) D:11
    Orc (1/2) D:10         Bailey (visited)

Altars:
Dithmenos
Fedhas
Hepliaklqana
Nemelex Xobeh
Okawaru
Qazlal
Ru
Trog
Uskayaw
Vehumet
Zin
The Shining One

Shops:
D:2 =   D:4 (

Portals:
Trove: D:12 (lose all piety)

Annotations:
D:2 black bear
D:9 Harold
D:11 Lodul


Message History

There is an open door here.
As you open the door, it creaks loudly!
There is an open door here.
There is a stone staircase leading up here.
You climb upwards.
There is a stone staircase leading down here.
Lodul the Thundrous comes into view.
He is wielding a +4 dire flail of venom.
Things that are here:
a +0 club; an orc skeleton A sourceless malevolence fills the Dungeon...
With a horrendous wail, an alarm goes off!
A sentinel's mark forms upon you.
You hear a shout! x4; You hear an angry hiss.
You hear a shout! x7
You hear a howl!
You hear a shout! x5; You hear two shouts!
A gnoll comes into view. It is wielding a +2 spear of venom.
An ice beast comes into view. x2
An ogre comes into view. It is wielding a +0 giant spiked club.
Electricity crackles from Lodul's apparatus.
The bolt of lightning hits you!!
A centaur warrior simulacrum comes into view.
An ogre comes into view. It is wielding a +0 giant club.
Lodul hits you with a +4 dire flail of venom!!
* * * LOW HITPOINT WARNING * * *
A centaur warrior simulacrum comes into view.
An ogre comes into view. It is wielding a +0 giant club.
Lodul hits you with a +4 dire flail of venom.
* * * LOW HITPOINT WARNING * * *
You are poisoned.
As you read the scroll of fear, it crumbles to dust.
You assume a fearsome visage.
The ice beast looks frightened! x2
The centaur warrior simulacrum is unaffected. x2
Lodul looks frightened!
The ogre looks frightened! x3
You feel very sick.
A basilisk comes into view.
You feel sick.
Lodul looks scared stiff.
The centaur warrior simulacrum hits you.
* * * LOW HITPOINT WARNING * * *
The centaur warrior simulacrum freezes you!!
You die...

~...#....###.....#
...........#.....#
#.....#..........# .
##.#[#.....####### ..
##....##......# .
...#.....#.......# ..
....>........Z######## ...
#...Y.#Y.#.).!.[....######.##
#....###...Z@######..>#≈≈≈.~≈
..#.#..#.#.........######~.§..~
#........g...~..>..#####§§§§§.
.............O#####......÷§§§§..
.......##....## ###...##~.§§§.
............O# #....###~~.§§~
.........O.### #.##.O(#≈~..≈~
.......#.l## ###)#########.##
.#####..O.. #...# .#


You could see Lodul (fleeing), a basilisk, an ice beast (fleeing), 2 ogres, a
gnoll and 2 centaur warrior simulacra.

Vanquished Creatures
  2 two-headed ogres
  Pikel (D:6)
  3 orc knights
  3 cyclopes
  Joseph (D:7)
  A gargoyle (D:10)
  A rime drake (D:11)
  A kobold demonologist (D:9)
  A polar bear (D:11)
  4 trolls
  9 yaks
  A wraith (D:12)
  A basilisk (D:12)
  2 steam dragons
  3 wyverns
  Menkaure (D:7)
  4 ice beasts
  A sky beast (D:6)
  12 orc warriors
  2 black bears
  4 ogres
  2 centaurs
  6 wolves (D:11)
  A phantom (D:7)
  Blork the orc (D:6)
  4 kobold brigands
  3 gnoll sergeants
  2 bullfrogs
  2 scorpions (D:5)
  10 wights
  21 killer bees
  2 howler monkeys (D:10)
  2 quasits (D:8)
  2 gnoll boudas
  6 hounds
  A jelly (D:6)
  Crazy Yiuf (D:7)
  7 orc priests
  A sleepcap (D:5)
  5 iguanas
  10 orc wizards
  26 gnolls
  9 adders
  3 shadow imps (D:8)
  8 white imps
  4 ufetubi
  A worm (D:4)
  3 dart slugs
  56 orcs
  4 endoplasms
  9 goblins
  7 hobgoblins
  A quokka (D:1)
  6 ball pythons
  4 bats
  4 frilled lizards
  21 kobolds
  A rat (D:2)
314 creatures vanquished.

Notes
Turn   | Place    | Note
-------+----------+-------------------------------------------
     0 | D:1      | Esekla the Deep Elf Wanderer began the quest for the Orb.
     0 | D:1      | Esekla set off with the following items: a +0 club, a
                  | potion of lignification, a +0 robe, a +0 buckler; and the
                  | following spells available to memorise: Apportation, Blink,
                  | Lesser Beckoning, Magic Dart, Ignite Poison, Vampiric
                  | Draining.
     0 | D:1      | Reached XP level 1. HP: 10/10 MP: 7/7
     2 | D:1      | Learned a level 1 spell: Magic Dart
     4 | D:1      | Learned a level 1 spell: Apportation
   259 | D:2      | Found Renulab's Jewellery Shop.
   264 | D:2      | You fall into a shaft and drop 2 floors!
   322 | D:4      | Found a radiant altar of Vehumet.
   331 | D:4      | Found an iron altar of Okawaru.
   342 | D:4      | Found a glowing silver altar of Zin.
   425 | D:4      | Became a worshipper of Vehumet
   693 | D:3      | Reached XP level 2. HP: 15/15 MP: 7/9
   696 | D:3      | Learned a level 2 spell: Blink
   876 | D:3      | Reached skill level 5 in Spellcasting
  1045 | D:3      | Identified the +5 rapier of the Hero {heavy, rN+ Dex+3}
  1132 | D:2      | Reached skill level 1 in Necromancy
  1132 | D:2      | Reached XP level 3. HP: 19/19 MP: 11/11
  1136 | D:2      | Learned a level 3 spell: Ignite Poison
  1140 | D:2      | Learned a level 3 spell: Vampiric Draining
  1374 | D:2      | Reached skill level 1 in Dodging
  1480 | D:3      | Found a stormy altar of Qazlal.
  1507 | D:3      | Reached XP level 4. HP: 19/24 MP: 2/13
  1509 | D:3      | Found a hazy altar of Hepliaklqana.
  1509 | D:3      | Found a bloodstained altar of Trog.
  1738 | D:4      | Reached * piety under Vehumet
  1738 | D:4      | Offered knowledge of Kiss of Death by Vehumet.
  1744 | D:5      | Entered Level 5 of the Dungeon
  1747 | D:5      | Got the Parchment of the Lumpy Olives
  1777 | D:5      | Found a shadowy altar of Dithmenos.
  1924 | D:4      | Reached skill level 6 in Spellcasting
  1984 | D:4      | Found a glowing golden altar of the Shining One.
  2107 | D:4      | Found Ponaysk's Antique Weapon Boutique.
  2291 | D:1      | Reached skill level 1 in Short Blades
  2329 | D:1      | Reached XP level 5. HP: 28/28 MP: 12/15
  2559 | D:2      | Reached skill level 1 in Conjurations
  2617 | D:2      | Found a faded altar of an unknown god.
  2906 | D:5      | Offered knowledge of Foxfire by Vehumet.
  2907 | D:5      | Reached XP level 6. HP: 24/32 MP: 6/17
  2992 | D:5      | Reached skill level 7 in Spellcasting
  3083 | D:5      | Reached ** piety under Vehumet
  3193 | D:6      | Noticed an ice beast
  3256 | D:3      | Reached XP level 7. HP: 26/36 MP: 6/19
  3642 | D:4      | Reached skill level 8 in Spellcasting
  3943 | D:6      | Found a staircase to the Ecumenical Temple.
  4163 | D:6      | Reached XP level 8. HP: 40/41 MP: 20/22
  4198 | D:6      | Reached skill level 9 in Spellcasting
  4273 | D:6      | Noticed Pikel
  4302 | D:6      | Killed Pikel
  4303 | D:6      | Reached skill level 5 in Necromancy
  4498 | D:6      | Noticed Blork the orc
  4507 | D:6      | Killed Blork the orc
  4508 | D:6      | Reached skill level 10 in Spellcasting
  4672 | D:6      | Found a blossoming altar of Fedhas.
  4799 | D:7      | Offered knowledge of Searing Ray by Vehumet.
  4800 | D:7      | Reached skill level 5 in Dodging
  4803 | D:7      | Learned a level 2 spell: Searing Ray
  4969 | D:7      | Reached XP level 9. HP: 45/45 MP: 25/25
  5037 | D:7      | Reached skill level 11 in Spellcasting
  5178 | D:7      | Noticed Menkaure
  5188 | D:7      | Killed Menkaure
  5346 | D:7      | Found a runed translucent door.
  5347 | D:7      | Noticed Crazy Yiuf
  5356 | D:7      | Killed Crazy Yiuf
  5466 | D:7      | Noticed Joseph
  5632 | D:7      | Killed Joseph
  5659 | D:7      | Reached skill level 12 in Spellcasting
  5667 | D:7      | Reached *** piety under Vehumet
  6067 | D:8      | Reached skill level 13 in Spellcasting
  6075 | D:8      | Noticed a two-headed ogre
  6220 | D:8      | Offered knowledge of Sticky Flame by Vehumet.
  6227 | D:8      | Learned a level 4 spell: Sticky Flame
  6433 | D:8      | Found a hide-covered altar of Uskayaw.
  6448 | D:8      | Reached **** piety under Vehumet
  6577 | D:8      | Killed a two-headed ogre
  6578 | D:8      | Reached XP level 10. HP: 47/50 MP: 27/29
  6600 | D:8      | Offered knowledge of Hailstorm by Vehumet.
  6625 | D:8      | Found a transporter.
  6627 | D:8      | Found a transporter.
  6629 | D:8      | Found a transporter.
  6629 | D:8      | Found a transporter.
  7111 | D:9      | Found a flagged portal.
  7133 | Bailey   | Entered a bailey
  7241 | Bailey   | Reached skill level 14 in Spellcasting
  7353 | Bailey   | Identified the +2 bardiche of Puhoisos {heavy, rElec
                  | Stlth+}
  7357 | Bailey   | Noticed an orc knight
  7357 | Bailey   | Noticed an orc knight
  7424 | Bailey   | Killed an orc knight
  7483 | Bailey   | Killed an orc knight
  7484 | Bailey   | Reached skill level 1 in Fire Magic
  7797 | D:9      | Reached skill level 1 in Throwing
  7826 | D:9      | Noticed a soul eater
  7828 | D:9      | Reached skill level 1 in Fighting
  7932 | D:9      | Found a sparkling altar of Nemelex Xobeh.
  7979 | D:9      | Noticed a two-headed ogre
  7984 | D:9      | Killed a two-headed ogre
  7985 | D:9      | Reached skill level 15 in Spellcasting
  8051 | D:9      | Noticed Harold
  8123 | D:9      | Noticed a cyclops
  8130 | D:9      | Killed a cyclops
  8156 | D:9      | Noticed a cyclops
  8165 | D:9      | Killed a cyclops
  8166 | D:9      | Reached XP level 11. HP: 47/57 MP: 31/32
  8537 | D:10     | Entered Level 10 of the Dungeon
  8646 | D:10     | Reached ***** piety under Vehumet
  8783 | D:10     | Found a sacrificial altar of Ru.
  8824 | D:10     | Offered knowledge of Spellforged Servitor by Vehumet.
  9040 | D:10     | Found a staircase to the Orcish Mines.
  9050 | Orc:1    | Entered Level 1 of the Orcish Mines
  9051 | Orc:1    | Noticed an orc knight
  9082 | D:10     | Killed an orc knight
  9083 | D:10     | Reached skill level 5 in Conjurations
  9131 | D:10     | Reached skill level 1 in Armour
  9195 | Orc:1    | Reached skill level 10 in Necromancy
  9506 | D:2      | Bought the ring of the Mage {Wiz Archmagi} for 714 gold
                  | pieces
  9506 | D:2      | Found the ring of the Mage {Wiz Archmagi}
 10086 | D:11     | Found a staircase to the Lair.
 10100 | D:11     | Reached skill level 16 in Spellcasting
 10362 | D:12     | Learned a level 2 spell: Wereblood
 10491 | D:12     | Learned a level 5 spell: Fireball
 10659 | D:12     | Learned a level 3 spell: Mephitic Cloud
 10665 | D:12     | Learned a level 5 spell: Freezing Cloud
 10668 | D:12     | Learned a level 2 spell: Poisonous Vapours
 10684 | D:12     | Found a portal to a secret trove of treasure.
 11046 | D:11     | Noticed Lodul
 11064 | D:11     | Demolished by a centaur warrior simulacrum

Illustrated notes

Levels and vault maps discovered:
D:1:      sevenhm_arrival_forest_fort_small_3, layout_rooms,
          chequers_serial_rivers_room_b, minmay_misc_feat_five
D:2:      layout_loops_ring, dreamdust_ecumenical_altar_angels_and_demons,
          serial_shops, shop
D:3:      layout_basic, grunt_temple_overflow_open, minmay_misc_feat_iff
D:4:      layout_basic, nicolae_overflow_quartered_altars, serial_shops,
          nicolae_diamond_shop
D:5:      layout_loops_ring, lemuel_doored_altar, minmay_misc_feat_rows,
          dreamdust_wishing_well
D:6:      layout_loops_cross, fedhas_altar_fruit_tree,
          minmay_temple_entry_glass, uniq_pikel, uniq_blork_the_orc
D:7:      layout_basic, uniq_menkaure, uniq_joseph, uniq_crazy_yiuf_cottage
D:8:      layout_basic, nicolae_uskayaw_dance_hall, serial_demonic,
          serial_demonic_d, serial_demonic_a, serial_demonic_c,
          serial_demonic_c, nicolae_diode_quadrants
D:9:      layout_irregular_city, kennysheep_little_box, enter_bailey_4,
          minmay_between, uniq_harold
D:10:     layout_basic, nicolae_ru_awakened_eye
D:11:     layout_rooms, hellmonk_lair_entry_icy, serial_ice, serial_ice_j,
          serial_ice_m, serial_ice_o, serial_ice_c, serial_ice_g, serial_ice_f,
          guppyfry_shop_earth, uniq_psyche, uniq_lodul
D:12:     layout_roguey, nicolae_trove_entry_crossroad
Orc:1:    layout_caves

Skill      XL: |  1  2  3  4  5  6  7  8  9 10 11 |
---------------+----------------------------------+-----
Spellcasting   | 5 6 7 8 10 13 15 16 | 16.4
Necromancy     | 1 2 3 4 6 7 9 10 | 10.3
Dodging        | 1 3 5 6 7 |  7.8
Short Blades   | 1 2 3 |  3.4
Conjurations   | 1 3 4 5 |  5.4
Stealth        | 2 3 4 |  4.9
Translocations | 3 4 |  4.1
Shields        | 2 |  2.2
Fire Magic     | 2 4 |  4.3
Throwing       | 1 |  1.1
Fighting       | 2 3 |  3.8
Armour         | 2 |  2.1
Ice Magic      | |  0.4
Air Magic      | |  0.2
Poison Magic   | |  0.5
Invocations    | |  1.0
Evocations     | |  0.7

Action                     |  1- 3 |  4- 6 |  7- 9 | 10-12 || total
---------------------------+-------+-------+-------+-------++-------
  Melee: Short sword       |    21 |       |     1 |       ||    22
         Rapier            |    21 |    68 |    85 |    54 ||   228
  Throw: Dart              |       |    15 |     7 |    19 ||    41
   Cast: Magic Dart        |    35 |    56 |    58 |    15 ||   164
         Apportation       |    26 |    29 |    15 |    33 ||   103
         Vampiric Draining |     2 |    10 |    45 |    75 ||   132
         Blink             |       |     5 |     4 |     6 ||    15
         Searing Ray       |       |       |    23 |    41 ||    64
         Ignite Poison     |       |       |     1 |     6 ||     7
         Sticky Flame      |       |       |       |    54 ||    54
         Fireball          |       |       |       |     3 ||     3
         Mephitic Cloud    |       |       |       |     1 ||     1
         Poisonous Vapours |       |       |       |     1 ||     1
  Evoke: Wand              |       |       |    10 |       ||    10
    Use: Scroll            |     1 |       |     1 |    15 ||    17
         Potion            |       |       |     5 |     3 ||     8
   Stab: Sleeping          |     3 |     6 |     6 |     8 ||    23
 Armour: Robe              |    22 |    27 |    37 |    27 ||   113
         Troll leather arm |       |       |       |    22 ||    22
  Dodge: Dodged            |    37 |    63 |   138 |   164 ||   402
  Block: Buckler           |    11 |     8 |    36 |    59 ||   114
